 Dungeon Crawl Stone Soup version 0.28.0-43-g3370ac3207 (webtiles) character file.

Game seed: 3385884860670833716

14163 Peloso the Spear-Bearer (level 11, -2/99 HPs)
             Began as a Minotaur Fighter on Mar 5, 2022.
             Was a High Priest of Okawaru.
             Constricted to death by Jorgrun (8 damage)
             ... on level 9 of the Dungeon.
             The game lasted 00:33:03 (13410 turns).

Peloso the Spear-Bearer (Minotaur Fighter)         Turns: 13410, Time: 00:33:03

Health: -2/99      AC: 24    Str: 24    XL:     11   Next: 85%
Magic:  9/11       EV:  3    Int:  5    God:    Okawaru [*****.]
Gold:   642        SH: 12    Dex: 13    Spells: 10/10 levels left

rFire   + + .      SeeInvis +   a - +4 long sword
rCold   + . .      Faith    .   c - +0 buckler
rNeg    . . .      Spirit   .   x - +1 chain mail of Hide-and-Seek {Slay+6 SInv}
rPois   .          Reflect  +   E - +2 hat
rElec   .          Harm     .   O - +0 cloak "Bittoa" {*Corrode rF++ rC+ Dex+2}
rCorr   .          Rampage  .   F - +0 pair of gloves
Will    .....                   p - +2 pair of boots
Stlth   ..........              u - amulet of reflection
HPRegen 0.26/turn               k - +4 ring of slaying
MPRegen 0.12/turn               B - ring of flight

@: heroic, petrifying, grasped by roots, flying, constricted, very slow
A: horns 2, retaliatory headbutt
a: Renounce Religion, Heroism, Finesse, Duel


You were on level 9 of the Dungeon.
You worshipped Okawaru.
Okawaru was extremely pleased with you.
You visited 4 branches of the dungeon, and saw 14 of its levels.
You also visited: Bailey.

You collected 642 gold pieces.

Inventory:

Hand Weapons
 a - a +4 long sword (weapon)
 b - the +7 trident "Ureiwk" {freeze, Str+5}
   (You found it on level 2 of the Dungeon)

   It freezes those it strikes, dealing additional cold damage.
   It can also slow down cold-blooded creatures.
   Str:       It affects your strength (+5).
 N - the +7 pair of quick blades "Gyre" and "Gimble" {protect}
   (You found it in a bailey)

   It grants its wielder temporary protection when it strikes (+7 to AC).
Armour
 c - a +0 buckler (worn)
 p - a +2 pair of boots (worn)
 q - +0 acid dragon scales
 x - the +1 chain mail of Hide-and-Seek (worn) {Slay+6 SInv}
   (Okawaru gifted it to you on level 10 of the Dungeon)

   Slay:      It affects your accuracy & damage with ranged weapons and melee
   (+6).
   SInv:      It lets you see invisible.
 E - a +2 hat (worn)
 F - a +0 pair of gloves (worn)
 K - +2 steam dragon scales
 M - the +2 scale mail of Osoaph {Str+4 Dex+2}
   (You found it in a bailey)

   Str:       It affects your strength (+4).
   Dex:       It affects your dexterity (+2).
 O - the +0 cloak "Bittoa" (worn) {*Corrode rF++ rC+ Dex+2}
   (You acquired it in a bailey)

   Dex:       It affects your dexterity (+2).
   rF:        It greatly protects you from fire.
   rC:        It protects you from cold.
   *Corrode:  It may corrode you when you take damage.
Jewellery
 e - an amulet of guardian spirit
 k - a +4 ring of slaying (left hand)
 u - an amulet of reflection (around neck)
 v - a ring of see invisible
 B - a ring of flight (right hand)
Wands
 j - a wand of mindburst (2)
 r - a wand of digging (3)
 I - a wand of flame (15)
 L - a wand of polymorph (6)
 S - a wand of acid (4)
Scrolls
 f - 2 scrolls of enchant armour
 g - 2 scrolls of identify
 h - a scroll of blinking
 i - a scroll of acquirement
 l - 5 scrolls of teleportation {unknown}
 o - 2 scrolls of fog {unknown}
 w - a scroll of summoning {unknown}
 y - a scroll of magic mapping {unknown}
 C - a scroll of amnesia {unknown}
 D - a scroll of holy word {unknown}
 Q - 2 scrolls of enchant weapon {unknown}
Potions
 d - 3 potions of might
 m - a potion of invisibility
 n - a potion of cancellation
 s - 3 potions of berserk rage
 t - 11 potions of degeneration
 z - 2 potions of haste {unknown}
 G - a potion of lignification {unknown}
 H - a potion of resistance
 J - a potion of flight {unknown}
 P - a potion of attraction {unknown}
 R - a potion of brilliance {unknown}


   Skills:
 + Level 9.8(14.8) Fighting
 + Level 10.5(15.5) Long Blades
 + Level 12.3(17.3) Polearms
 + Level 11.1(16.1) Armour
 + Level 4.2(9.2) Dodging
 + Level 1.1(6.1) Stealth
 + Level 8.3(13.3) Shields
 + Level 1.3 Invocations


You had 10 spell levels left.
You didn't know any spells.
Your spell library contained the following spells:

 Spells                   Type           Power      Damage    Failure   Level
 Freeze                   Ice            0%         1d3       94%         1
 Frozen Ramparts          Ice            0%         1d2       100%        3
 Gell's Gravitas          Tloc           0%         N/A       100%        3
 Lesser Beckoning         Tloc           0%         N/A       100%        3
 Ozocubu's Armour         Ice            0%         N/A       100%        3
 Teleport Other           Tloc           0%         N/A       100%        3
 Fulminant Prism          Conj/Hex       0%         3d6       100%        4
 Hailstorm                Conj/Ice       0%         3d3       100%        4
 Iskenderun's Mystic Bla  Conj/Tloc      0%         2d3       100%        4
 Lee's Rapid Deconstruct  Erth           0%         3d5*      100%        5
 Ozocubu's Refrigeration  Ice            0%         4d5       100%        7


Dungeon Overview and Level Annotations

Branches:
Dungeon (11/15)            Temple (1/1) D:4            Lair (1/6) D:9
    Orc (1/2) D:9          Bailey (visited)

Altars:
Ashenzari
Elyvilon
Fedhas
Gozag
Hepliaklqana
Kikubaaqudgha
Makhleb
Nemelex Xobeh
Okawaru
Qazlal
Ru
Sif Muna
Trog
Vehumet
Wu Jian
Xom
Yredelemnul
Zin

Shops:
D:3 =   D:4 (

Annotations:
D:8 2 transporters
D:9 Jorgrun


Innate Abilities, Weirdness & Mutations

You have a pair of horns on your head.
You reflexively headbutt those who attack you in melee.


Message History

You slash Jorgrun! Your headbutt misses Jorgrun.
Jorgrun is lightly wounded.
You block Jorgrun's attack.
Unknown command.
You slice Jorgrun!! You headbutt Jorgrun!
Jorgrun is moderately wounded.
Jorgrun casts a spell at you.
Roots burst forth from the earth!
The grasping roots grab you! The grasping roots constrict you!
Unknown command.
You hit Jorgrun.
Jorgrun is heavily wounded.
Jorgrun completely misses you. The grasping roots constrict you!
Unknown command.
You miss Jorgrun.
Jorgrun is heavily wounded.
Jorgrun hits you with a +0 vorpal quarterstaff!
The grasping roots constrict you!!
* * * LOW HITPOINT WARNING * * *
Unknown command.
You gain the combat prowess of a mighty hero.
You block Jorgrun's attack. The grasping roots constrict you.
* * * LOW HITPOINT WARNING * * *
You hit Jorgrun.
Jorgrun is heavily wounded.
Jorgrun hits you but does no damage. The grasping roots constrict you!
* * * LOW HITPOINT WARNING * * *
Unknown command.
Okay, then.
Unknown command.
You slice Jorgrun!!
Jorgrun is severely wounded.
Unknown command.
You barely miss Jorgrun. You headbutt Jorgrun!
Jorgrun is severely wounded.
Jorgrun casts a spell at you.
You are slowing down.
The grasping roots constrict you!
You die...

......##.### #..## #.##
.####.##...####...####
#<.. ..#
#.....##....8....# ####
..# #.##.###.........#
..# #.##.# #.........#
..###.##.###.........##
......#...............#
..#.............[)....##
......####..8...@[..8..#
..#.### ##......g.....#
..#.# #............#
..#.#### ##.........#[#
.......# #.........#.#
###.###### #.........#.#
.........###....8....#.#
###.####.#.####...####.#
.......#.#.......#.##..#


You could see Jorgrun.

Vanquished Creatures
  A centaur warrior (D:11)
  3 two-headed ogres
  Pikel (D:8)
  4 centaur zombies
  Maggie (D:9)
  An unseen horror (D:11)
  2 trolls
  A vampire (D:9)
  2 shadows (D:9)
  7 yaks
  3 wyverns (D:9)
  2 basilisks (D:9)
  3 wraiths
  4 steam dragons
  A two-headed ogre zombie (D:9)
  3 acid dragons
  4 water moccasins
  15 orc warriors
  4 ice beasts
  2 necrophages
  2 lemures (D:8)
  19 centaurs
  2 kobold brigands
  Blork the orc (D:4)
  2 bullfrogs
  A water moccasin zombie (D:5)
  A wyvern skeleton (D:7)
  2 troll zombies (D:9)
  A water moccasin skeleton (D:5)
  9 wights
  3 killer bees (D:8)
  A howler monkey (D:10)
  4 hounds
  9 orc priests
  A centaur skeleton (D:6)
  A jelly (D:6)
  3 iguanas
  10 orc wizards
  2 killer bee zombies
  5 ogre zombies (D:9)
  Robin (D:4)
  2 gnolls (D:10)
  6 adders
  2 shadow imps
  An adder zombie (D:5)
  2 worms (D:2)
  44 orcs
  5 bats
  4 endoplasms
  3 giant cockroaches
  19 goblins
  10 hobgoblins
  2 jackals (D:1)
  3 quokkas
  7 ball pythons
  3 frilled lizards
  5 goblin zombies (D:9)
  2 hobgoblin zombies (D:9)
  20 kobolds
  4 orc skeletons (D:9)
  14 orc zombies (D:9)
  7 rats
309 creatures vanquished.

Vanquished Creatures (others)
  An orc warrior (Bailey)
  3 orcs (Orc:1)
  A kobold (D:4)
  2 plants (D:4)
7 creatures vanquished.

Grand Total: 316 creatures vanquished

Notes
Turn   | Place    | Note
-------+----------+-------------------------------------------
     0 | D:1      | Peloso the Minotaur Fighter began the quest for the Orb.
     0 | D:1      | Reached XP level 1. HP: 19/19 MP: 0/0
   225 | D:1      | Reached XP level 2. HP: 27/27 MP: 1/1
   703 | D:2      | Reached XP level 3. HP: 13/33 MP: 2/2
   935 | D:2      | Identified the +7 trident "Ureiwk" {freeze, Str+5}
  1362 | D:2      | Found a faded altar of an unknown god.
  1507 | D:2      | Reached XP level 4. HP: 34/41 MP: 3/3
  1626 | D:2      | Reached skill level 1 in Polearms
  1879 | D:3      | Reached skill level 2 in Polearms
  2066 | D:3      | Found Irphyd's Jewellery Shop.
  2464 | D:4      | Reached skill level 3 in Polearms
  2464 | D:4      | Reached XP level 5. HP: 47/47 MP: 4/4
  2500 | D:4      | Noticed Blork the orc
  2501 | D:4      | Found Uwuwku's Antique Weapon Emporium.
  2501 | D:4      | Noticed Robin
  2535 | D:4      | Killed Blork the orc
  2536 | D:4      | Reached skill level 4 in Polearms
  2549 | D:4      | Killed Robin
  2806 | D:4      | Reached XP level 6. HP: 50/53 MP: 5/5
  2909 | D:4      | Found a bloodstained altar of Trog.
  2909 | D:4      | Found an ancient bone altar of Kikubaaqudgha.
  2915 | D:4      | Found an ornate altar of the Wu Jian Council.
  3018 | D:4      | Found a staircase to the Ecumenical Temple.
  3165 | Temple   | Entered the Ecumenical Temple
  3264 | Temple   | Became a worshipper of Warmaster Okawaru
  3320 | D:5      | Entered Level 5 of the Dungeon
  3390 | D:5      | Reached skill level 5 in Fighting
  3390 | D:5      | Reached skill level 1 in Dodging
  3481 | D:5      | Reached skill level 5 in Armour
  3511 | D:5      | Reached skill level 5 in Polearms
  3614 | D:5      | Reached XP level 7. HP: 58/61 MP: 6/6
  3928 | D:5      | Noticed a wraith
  3935 | D:5      | Killed a wraith
  3935 | D:5      | Reached * piety under Okawaru
  3936 | D:5      | Reached skill level 6 in Polearms
  4166 | D:6      | Reached skill level 7 in Polearms
  4227 | D:6      | Reached XP level 8. HP: 69/70 MP: 7/7
  4231 | D:6      | Reached ** piety under Okawaru
  4232 | D:6      | Reached skill level 8 in Polearms
  4565 | D:6      | Reached skill level 9 in Polearms
  4707 | D:6      | Reached *** piety under Okawaru
  4855 | D:6      | Reached XP level 9. HP: 78/78 MP: 8/8
  5189 | D:7      | Reached skill level 5 in Shields
  5235 | D:7      | Reached skill level 10 in Polearms
  5780 | D:8      | Received a gift from Okawaru
  5851 | D:8      | Found Lail's Assorted Antiques.
  5870 | D:8      | Found a transporter.
  5878 | D:8      | Noticed a kobold demonologist
  5900 | D:8      | Found a transporter.
  5989 | D:8      | Reached skill level 11 in Polearms
  6012 | D:8      | Identified the +8 dagger of Eternal Vigilance {vorpal,
                  | Str+4}
  6048 | D:8      | Noticed Pikel
  6064 | D:8      | Killed Pikel
  6064 | D:8      | Reached **** piety under Okawaru
  6065 | D:8      | Reached XP level 10. HP: 84/88 MP: 9/9
  6256 | D:8      | Found a shimmering blue altar of Sif Muna.
  6259 | D:8      | Found a basalt altar of Yredelemnul.
  6342 | D:8      | Noticed a two-headed ogre
  6353 | D:8      | Killed a two-headed ogre
  6354 | D:8      | Reached skill level 12 in Polearms
  6354 | D:8      | Reached skill level 1 in Stealth
  6636 | D:9      | Found a staircase to the Lair.
  6636 | D:9      | Noticed Maggie
  6667 | D:9      | Killed Maggie
  6667 | D:9      | Reached ***** piety under Okawaru
  7344 | D:9      | Reached skill level 5 in Long Blades
  7400 | D:9      | Reached skill level 10 in Armour
  7400 | D:9      | Reached skill level 1 in Invocations
  7498 | D:9      | Found a staircase to the Orcish Mines.
  7654 | D:9      | Found a sacrificial altar of Ru.
  8193 | D:10     | Entered Level 10 of the Dungeon
  8193 | D:10     | Noticed a two-headed ogre
  8200 | D:10     | Killed a two-headed ogre
  8200 | D:10     | Identified the +1 chain mail of Hide-and-Seek {Slay+6 SInv}
                  | (Okawaru gifted it to you on level 10 of the Dungeon)
  8200 | D:10     | Received a gift from Okawaru
  8201 | D:10     | Reached XP level 11. HP: 82/97 MP: 6/10
  8314 | D:10     | Found a flagged portal.
  8340 | Bailey   | Entered a bailey
  8769 | Bailey   | Found the +7 pair of quick blades "Gyre" and "Gimble"
                  | {protect}
  9317 | Bailey   | Identified the +2 scale mail of Osoaph {Str+4 Dex+2}
  9347 | Bailey   | Acquired the +0 cloak "Bittoa" {*Corrode rF++ rC+ Dex+2}
  9725 | D:10     | Noticed a two-headed ogre
  9730 | D:10     | Killed a two-headed ogre
 10485 | D:11     | Noticed a centaur warrior
 10495 | D:11     | Killed a centaur warrior
 10499 | D:11     | Reached skill level 10 in Long Blades
 11978 | Lair:1   | Entered Level 1 of the Lair of Beasts
 11979 | Lair:1   | Noticed a seven-headed hydra
 12040 | Orc:1    | Entered Level 1 of the Orcish Mines
 12043 | Orc:1    | Noticed Jorgrun
 13410 | D:9      | Constricted to death by Jorgrun

Illustrated notes

Levels and vault maps discovered:
D:1:      saegor_arrival_simple_c, layout_basic
D:2:      minmay_razor_zed, layout_loops_ring, ebering_ecumenical_altar_ruins
D:3:      layout_rooms, serial_shops, nicolae_shop_crystal, grunt_ministairs_5
D:4:      layout_basic, gammafunk_temple_overflow_forgotten, temple_hall,
          serial_shops, shop, uniq_blork_the_orc, uniq_robin
D:5:      layout_loops_cross, minivault_24
D:6:      layout_loops_ring
D:7:      layout_rooms, grunt_decor_one_mirror, patterned_corridor
D:8:      gammafunk_wand_slinger, layout_rooms, minitemple, serial_shops, shop,
          kennysheep_generic_room_3, uniq_pikel
D:9:      layout_loops_ring, nicolae_ru_sacrificial_ziggurat,
          david_lair_generic, zombieorc2_lemuel, minmay_misc_feat_x, uniq_maggie
D:10:     layout_rooms, enter_bailey_7
D:11:     layout_layer_cave
Temple:   regret_index_temple_sphere_string
Lair:1:   layout_cave_shapes, beast_lair_carwin_8, grunt_megastairs_1,
          infiniplex_staircase_pool, uniq_harold
Orc:1:    layout_caves, bh_open_orc_temple, uniq_jorgrun

Skill      XL: |  1  2  3  4  5  6  7  8  9 10 11 |
---------------+----------------------------------+-----
Shields        | 4 5 6 8 |  8.3
Armour         | 4 5 6 7 8 10 11 | 11.1
Fighting       | 4 5 6 7 9 |  9.8
Long Blades    | 3 7 10 | 10.5
Polearms       | 3 4 5 7 9 11 12 | 12.3
Dodging        | 1 2 3 4 |  4.2
Stealth        | 1 |  1.1
Invocations    | 1 |  1.3

Action                   |  1- 3 |  4- 6 |  7- 9 | 10-12 || total
-------------------------+-------+-------+-------+-------++-------
Melee: Long sword        |    46 |       |       |   390 ||   436
       Headbutt          |     5 |     9 |    22 |    95 ||   131
       Trident           |    27 |    94 |   147 |     6 ||   274
Invok: Heroism           |       |       |       |     6 ||     6
  Use: Potion            |       |       |       |     1 ||     1
       Scroll            |       |       |       |     8 ||     8
Armor: Scale mail        |    35 |    40 |    36 |       ||   111
       Chain mail        |       |       |    26 |   316 ||   342
Dodge: Dodged            |    29 |    39 |    52 |   230 ||   350
Block: Buckler           |    13 |    17 |    27 |   283 ||   340
       Reflection        |       |       |       |     8 ||     8
